 Dungeon Crawl Stone Soup version 0.19-a0-1067-g0b1d89b (webtiles) character file.

205 Akrasiac the Vexing (level 6, -3/43 HPs)
             Began as a Human Arcane Marksman on Aug 4, 2016.
             Slain by an ogre
             ... wielding a +0 giant club
              (14 damage)
             ... on level 4 of the Dungeon.
             The game lasted 00:10:19 (5884 turns).

Akrasiac the Vexing (Human Arcane Marksman)         Turns: 5884, Time: 00:10:20

Health: -3/43      AC:  2    Str: 12    XL:     6   Next: 10%
Magic:  7/7        EV: 12    Int: 15    God:
Gold:   169        SH:  0    Dex: 12    Spells: 3 memorised, 1 level left

rFire  . . .     SeeInvis .     a - +0 hand crossbow
rCold  + . .     Gourm    .     e - +0 robe
rNeg   . . .     Faith    .     (no shield)
rPois  .         Spirit   .     (no helmet)
rElec  .         Dismiss  .     (no cloak)
rCorr  .         Reflect  .     (no gloves)
SustAt .         Harm     .     (no boots)
MR     .....                    (no amulet)
Stlth  +.........               (no ring)
                                q - ring of protection from cold

@:
A: no striking features
a: no special abilities


You were on level 4 of the Dungeon.
You were not hungry.

You visited 1 branch of the dungeon, and saw 4 of its levels.

You collected 169 gold pieces.

Inventory:

Hand Weapons
 a - a +0 hand crossbow (weapon)
 b - a +0 dagger
 v - a +0 short sword
Missiles
 d - 27 bolts (quivered)
 g - 5 silver javelins
 w - a throwing net
Armour
 e - a +0 robe (worn)
Jewellery
 q - a ring of protection from cold (left hand)
Wands
 t - a wand of lightning (4/15)
Scrolls
 h - 2 scrolls of fog
 i - a scroll of random uselessness {unknown}
 n - 2 scrolls of immolation
 o - 2 scrolls of teleportation
Potions
 j - a potion of might
 l - a potion of curing {unknown}
 m - a potion of berserk rage {unknown}
 p - a potion of magic {unknown}
 r - a potion of agility {unknown}
 u - a potion of invisibility {unknown}
Books
 c - a book of Debilitation

   Spells                             Type                      Level
   a - Corona                         Hexes                        1
   b - Slow                           Hexes                        2
   c - Gell's Gravitas                Hexes/Translocation          3
   d - Inner Flame                    Hexes/Fire                   3
   e - Cause Fear                     Hexes                        4
   f - Leda's Liquefaction            Hexes/Earth                  4
Comestibles
 f - 2 bread rations
 k - a slice of pizza
 s - 2 beef jerkies


   Skills:
 - Level 1.0 Fighting
 - Level 0.2 Short Blades
 * Level 3.9 Crossbows
 - Level 2.0 Dodging
 - Level 1.0 Spellcasting
 - Level 5.2 Hexes


You had one spell level left.
You knew the following spells:

 Your Spells              Type           Power        Failure   Level  Hunger
a - Corona                Hex            ###....      3%          1    ##.....
b - Slow                  Hex            ###.....     6%          2    ###....
c - Gell's Gravitas       Hex/Tloc       #.........   30%         3    ####...


Dungeon Overview and Level Annotations

Branches:
Dungeon (4/15)
 Temple: D:4-7

Altars:
Yredelemnul

Annotations:
D:3 1 runed door


Message History

Aim: an ogre, wielding a giant club (lightly wounded, softly glowing)
You shoot a bolt. The bolt hits the ogre.
The ogre is moderately wounded.
The ogre hits you with a giant club!!
Ouch! That really hurt!
* * * LOW HITPOINT WARNING * * *
Firing (i - inventory. (,) - cycle):
d - 29 bolts (quivered)
Press: ? - help, Shift-Dir - straight line, f/p - ogre
Aim: an ogre, wielding a giant club (lightly wounded, softly glowing)
You shoot a bolt. The bolt hits the ogre!
The ogre is severely wounded.
The ogre closely misses you.
Firing (i - inventory. (,) - cycle):
d - 28 bolts (quivered)
Press: ? - help, Shift-Dir - straight line, f/p - ogre
Aim: an ogre, wielding a giant club (severely wounded, softly glowing)
You shoot a bolt.
The bolt hits the ogre but does no damage.
The ogre is severely wounded.
The ogre hits you with a giant club!
You die...

....+ ..
....##########... ..
....+>........... ..
....#.###...##.# #. ###
..##.........#.# .....
..##..###....#.# .#.####
........+....#.# .......
..##...##....#.##.......
.<..............@.......
...#.#.........#O.......
...#.######.##.#.#..#...
...#.. ...##+#.#### #
#### ##### .(. .## (. ..
!..


You could see an ogre.

Vanquished Creatures
  An orc priest (D:3)
  An orc wizard (D:3)
  3 adders
  3 worms
  A dart slug (D:1)
  5 giant geckos
  2 orcs (D:3)
  2 ball pythons (D:1)
  4 bats
  14 giant cockroaches
  6 goblins
  10 hobgoblins
  4 jackals
  8 kobolds
  2 quokkas
  2 giant newts (D:1)
  36 rats
104 creatures vanquished.

Notes
Turn   | Place    | Note
-------+----------+-------------------------------------------
     0 | D:1      | Akrasiac the Human Arcane Marksman began the quest for the Orb.
     0 | D:1      | Reached XP level 1. HP: 15/15 MP: 2/2
   179 | D:1      | Reached XP level 2. HP: 6/21 MP: 1/3
   807 | D:1      | Reached XP level 3. HP: 6/26 MP: 0/4
  1236 | D:1      | Learned a level 2 spell: Slow
  2239 | D:2      | Reached XP level 4. HP: 32/32 MP: 3/5
  2627 | D:2      | Reached skill level 4 in Hexes
  3772 | D:2      | Reached XP level 5. HP: 21/37 MP: 4/6
  3914 | D:2      | Learned a level 3 spell: Gell's Gravitas
  4851 | D:3      | Reached skill level 5 in Hexes
  4866 | D:3      | Reached XP level 6. HP: 24/43 MP: 3/7
  5298 | D:3      | Found a runed door.
  5298 | D:3      | Noticed a human
  5300 | D:3      | Found a basalt altar of Yredelemnul.
  5875 | D:4      | Noticed an ogre
  5884 | D:4      | Slain by an ogre

Vault maps used:
D:1:      tarquinn_simple_flora_water_a
D:2:      minmay_roachtagon, minmay_rats_cheesy_pizza
D:3:      first_bread, dk_yredelemnul_ordeal
D:4:      minmay_goblin_outpost, uniq_menkaure

Skill      XL: |  1  2  3  4  5 |
---------------+----------------+-----
Crossbows      | 3 |  3.9
Hexes          | 4 5 |  5.2
Fighting       | |  1.0
Short Blades   | |  0.2
Dodging        | |  2.0
Spellcasting   | |  1.0

Action                   |  1- 3 |  4- 6 || total
-------------------------+-------+-------++-------
Melee: Dagger            |   122 |   335 ||   457
 Fire: Hand crossbow     |    21 |    47 ||    68
Throw: Javelin           |     1 |     2 ||     3
 Cast: Corona            |    27 |    29 ||    56
  Use: Scroll            |       |     6 ||     6
  Eat: Chunk             |     4 |     9 ||    13
       Meat ration       |       |     1 ||     1
Armor: Robe              |    27 |    65 ||    92
Dodge: Dodged            |   120 |   217 ||   337
